[ AOE2 MATCH · #506320926 ]
UnrankedChinese vs Magyars
Player's team · LOSS
Rival team · WIN
[ REPLAY ANALYSIS · EXTRACTED FROM THE RECORDED GAME ]
Feudal
9:35
Castle
30:08
Imperial
46:11
| APM avg | 44.7 |
| APM peak | 97 |
| eAPM avg | 23.5 |
| Villagers / military | 153 / 83 |
Focus
⚔️ 25.2% · 🌾 74.8%
Archer ×17 · Chu Ko Nu ×15 · Skirmisher ×15 · Knight ×11 · Spearman ×11 · Militia ×4
Feudal
9:49
Castle
27:06
Imperial
42:39
| APM avg | 57.3 |
| APM peak | 96 |
| eAPM avg | 24.5 |
| Villagers / military | 131 / 122 |
Focus
⚔️ 37.6% · 🌾 62.4%
Scout Cavalry ×41 · Cavalry Archer ×35 · Archer ×19 · Knight ×15 · Trebuchet (Packed) ×5 · Militia ×4
Match map
Initial resources + every placement click. Lines = walls · curves = elevation contours. ◆ gold · ⬟ stone · ● berries · ✦ relic · ◌ wall gap
Your base· Open — 4t gap
Oggdo Bogdo's base· Open — unwalled flank
Smoothed initial terrain · ◌ = detected wall gap · hover for details
Inputs per minute
— baoquanghuy1605 - - Oggdo Bogdo
Build order — baoquanghuy1605
First 150 of 458 actions detected
| 0:02 | Research | Loom |
| 0:06 | Build | House |
| 0:55 | Queue | Villager (Male) |
| 1:15 | Queue | Villager (Male) |
| 1:46 | Queue | Villager (Male) |
| 2:07 | Build | Lumber Camp |
| 2:10 | Queue | Villager (Male) |
| 2:38 | Queue | Villager (Male) |
| 3:01 | Queue | Villager (Male) |
| 3:24 | Queue | Villager (Male) |
| 3:56 | Queue | Villager (Male) |
| 4:11 | Queue | Villager (Male) |
| 4:31 | Queue | Villager (Male) |
| 4:48 | Build | Barracks |
| 5:02 | Queue | Villager (Male) |
| 5:38 | Queue | Villager (Male) |
| 5:38 | Queue | Villager (Male) |
| 6:10 | Build | House |
| 6:29 | Queue | Villager (Male) |
| 6:35 | Build | Mining Camp |
| 6:56 | Queue | Villager (Male) |
| 7:25 | Research | Feudal Age |
| 7:35 | Build | Mill |
| 8:03 | Queue | Militia |
| 8:20 | Queue | Militia |
| 8:20 | Queue | Militia |
| 8:45 | Build | House |
| 8:47 | Queue | Militia |
| 9:35 | Age | Feudal Age |
| 9:37 | Build | Watch Tower |
| 9:40 | Research | Man-at-Arms (upgrade) |
| 9:40 | Queue | Villager (Male) |
| 9:57 | Build | Palisade Wall |
| 9:58 | Build | Palisade Wall |
| 9:58 | Build | Palisade Wall |
| 10:05 | Queue | Villager (Male) |
| 10:09 | Build | Mill |
| 10:31 | Build | Palisade Wall |
| 10:32 | Build | Palisade Wall |
| 10:33 | Build | Palisade Wall |
| 10:42 | Build | Farm |
| 10:43 | Build | Farm |
| 10:52 | Queue | Villager (Male) |
| 11:01 | Build | Palisade Wall |
| 11:18 | Build | Palisade Wall |
| 11:23 | Build | Palisade Wall |
| 11:29 | Queue | Villager (Male) |
| 11:41 | Build | Palisade Wall |
| 11:42 | Build | Palisade Wall |
| 11:55 | Build | Archery Range |
| 12:00 | Queue | Villager (Male) |
| 12:04 | Build | House |
| 12:12 | Queue | Villager (Male) |
| 12:50 | Queue | Archer |
| 12:59 | Queue | Villager (Male) |
| 13:13 | Queue | Villager (Male) |
| 13:19 | Queue | Archer |
| 13:23 | Build | Archery Range |
| 13:50 | Queue | Villager (Male) |
| 13:52 | Research | Double-Bit Axe |
| 13:52 | Research | Double-Bit Axe |
| 14:16 | Queue | Villager (Male) |
| 14:18 | Build | Mining Camp |
| 14:29 | Queue | Archer |
| 14:42 | Build | House |
| 14:43 | Build | Palisade Wall |
| 14:45 | Build | Palisade Wall |
| 14:45 | Build | Palisade Wall |
| 14:49 | Queue | Villager (Male) |
| 14:53 | Build | House |
| 14:56 | Queue | Archer |
| 14:56 | Queue | Archer |
| 15:06 | Build | House |
| 15:30 | Build | House |
| 15:45 | Build | Palisade Wall |
| 15:47 | Build | Palisade Wall |
| 15:48 | Build | Palisade Wall |
| 15:50 | Build | Palisade Wall |
| 15:51 | Build | House |
| 15:53 | Build | House |
| 15:55 | Build | House |
| 16:04 | Queue | Villager (Male) |
| 16:21 | Queue | Villager (Male) |
| 16:30 | Build | Blacksmith |
| 16:41 | Build | Watch Tower |
| 16:55 | Queue | Villager (Male) |
| 17:02 | Queue | Archer |
| 17:03 | Queue | Archer |
| 17:05 | Queue | Villager (Male) |
| 17:22 | Build | Mining Camp |
| 17:32 | Queue | Villager (Male) |
| 17:40 | Build | House |
| 17:52 | Build | House |
| 17:55 | Research | Fletching |
| 17:57 | Queue | Villager (Male) |
| 17:59 | Queue | Skirmisher |
| 17:59 | Queue | Skirmisher |
| 18:10 | Build | House |
| 18:13 | Build | House |
| 18:21 | Queue | Skirmisher |
| 18:22 | Queue | Skirmisher |
| 18:27 | Build | Palisade Wall |
| 18:28 | Build | Palisade Wall |
| 18:32 | Build | Palisade Wall |
| 18:33 | Build | Palisade Wall |
| 18:36 | Build | Palisade Wall |
| 19:04 | Queue | Skirmisher |
| 19:05 | Queue | Skirmisher |
| 19:47 | Build | House |
| 19:50 | Queue | Villager (Male) |
| 19:50 | Queue | Archer |
| 19:51 | Queue | Archer |
| 20:05 | Build | Farm |
| 20:06 | Build | Farm |
| 20:15 | Build | Stone Wall |
| 20:15 | Build | Stone Wall |
| 20:16 | Build | Stone Wall |
| 20:17 | Build | Stone Wall |
| 20:17 | Build | Stone Wall |
| 20:18 | Build | Stone Wall |
| 20:19 | Build | Stone Wall |
| 20:21 | Build | Stone Wall |
| 20:23 | Build | Stone Wall |
| 20:24 | Build | Stone Wall |
| 20:25 | Build | Stone Wall |
| 20:26 | Build | Stone Wall |
| 20:29 | Queue | Archer |
| 20:30 | Queue | Archer |
| 20:32 | Build | Farm |
| 20:34 | Build | Farm |
| 20:48 | Build | Farm |
| 20:51 | Queue | Villager (Male) |
| 20:51 | Queue | Archer |
| 21:05 | Build | Farm |
| 21:05 | Build | Farm |
| 21:06 | Queue | Archer |
| 21:24 | Build | Farm |
| 21:36 | Queue | Villager (Male) |
| 21:44 | Build | Watch Tower |
| 22:20 | Queue | Villager (Male) |
| 22:27 | Queue | Archer |
| 22:28 | Queue | Archer |
| 22:29 | Queue | Spearman |
| 22:29 | Queue | Spearman |
| 22:40 | Build | Farm |
| 23:03 | Queue | Spearman |
| 23:04 | Queue | Spearman |
| 23:07 | Build | Farm |
| 23:18 | Queue | Villager (Male) |
| 23:44 | Queue | Villager (Male) |
Build order — Oggdo Bogdo
First 150 of 435 actions detected
| 0:02 | Queue | Villager (Male) |
| 0:02 | Queue | Villager (Male) |
| 0:02 | Queue | Villager (Male) |
| 0:02 | Queue | Villager (Male) |
| 0:03 | Build | House |
| 0:04 | Build | House |
| 1:24 | Queue | Villager (Male) |
| 1:47 | Queue | Villager (Male) |
| 1:47 | Queue | Villager (Male) |
| 1:57 | Build | Lumber Camp |
| 2:10 | Build | House |
| 2:11 | Build | House |
| 2:16 | Queue | Villager (Male) |
| 2:17 | Queue | Villager (Male) |
| 2:48 | Queue | Villager (Male) |
| 2:48 | Queue | Villager (Male) |
| 3:08 | Queue | Villager (Male) |
| 3:08 | Queue | Villager (Male) |
| 3:16 | Build | Palisade Wall |
| 3:32 | Queue | Villager (Male) |
| 3:32 | Queue | Villager (Male) |
| 3:46 | Queue | Villager (Male) |
| 3:46 | Queue | Villager (Male) |
| 3:47 | Queue | Villager (Male) |
| 4:07 | Queue | Villager (Male) |
| 4:08 | Queue | Villager (Male) |
| 4:47 | Research | Loom |
| 4:59 | Queue | Villager (Male) |
| 5:40 | Queue | Villager (Male) |
| 5:58 | Build | Mill |
| 6:02 | Queue | Villager (Male) |
| 6:22 | Queue | Villager (Male) |
| 7:12 | Queue | Villager (Male) |
| 7:31 | Build | Barracks |
| 7:39 | Research | Feudal Age |
| 7:39 | Research | Feudal Age |
| 8:21 | Queue | Militia |
| 8:22 | Queue | Militia |
| 8:22 | Queue | Militia |
| 8:29 | Build | Mining Camp |
| 9:01 | Queue | Villager (Male) |
| 9:05 | Queue | Militia |
| 9:32 | Build | Palisade Wall |
| 9:47 | Build | House |
| 9:49 | Age | Feudal Age |
| 9:53 | Research | Man-at-Arms (upgrade) |
| 9:55 | Research | Double-Bit Axe |
| 10:13 | Queue | Villager (Male) |
| 10:21 | Build | House |
| 10:23 | Build | Archery Range |
| 10:42 | Queue | Villager (Male) |
| 11:12 | Queue | Villager (Male) |
| 11:16 | Queue | Archer |
| 11:16 | Queue | Archer |
| 11:38 | Queue | Villager (Male) |
| 11:49 | Queue | Villager (Male) |
| 11:55 | Queue | Archer |
| 12:08 | Build | Palisade Wall |
| 12:12 | Build | Palisade Wall |
| 12:14 | Build | House |
| 12:18 | Build | House |
| 12:25 | Queue | Villager (Male) |
| 12:27 | Build | Farm |
| 12:27 | Build | Farm |
| 12:32 | Queue | Villager (Male) |
| 12:43 | Queue | Villager (Male) |
| 12:47 | Queue | Archer |
| 12:50 | Build | Farm |
| 12:52 | Build | Farm |
| 12:55 | Build | Farm |
| 13:09 | Build | Watch Tower |
| 13:26 | Build | House |
| 13:34 | Queue | Villager (Male) |
| 14:04 | Queue | Villager (Male) |
| 14:07 | Queue | Archer |
| 14:20 | Queue | Archer |
| 14:21 | Build | Farm |
| 14:36 | Queue | Villager (Male) |
| 15:02 | Build | Farm |
| 15:04 | Queue | Villager (Male) |
| 15:06 | Build | Farm |
| 15:08 | Build | Farm |
| 15:15 | Queue | Archer |
| 15:21 | Build | Palisade Wall |
| 15:27 | Queue | Villager (Male) |
| 15:51 | Queue | Villager (Male) |
| 16:24 | Queue | Villager (Male) |
| 16:28 | Queue | Archer |
| 16:34 | Build | Farm |
| 16:35 | Build | Farm |
| 16:50 | Queue | Villager (Male) |
| 16:53 | Queue | Archer |
| 16:59 | Build | Blacksmith |
| 17:13 | Queue | Villager (Male) |
| 17:15 | Build | House |
| 17:32 | Build | Mill |
| 17:34 | Queue | Villager (Male) |
| 17:48 | Build | Farm |
| 17:53 | Research | Fletching |
| 18:01 | Queue | Villager (Male) |
| 18:03 | Build | House |
| 18:19 | Queue | Archer |
| 18:28 | Build | Lumber Camp |
| 18:38 | Queue | Villager (Male) |
| 18:40 | Build | Stable |
| 19:09 | Queue | Villager (Male) |
| 19:14 | Build | Farm |
| 19:15 | Build | Farm |
| 19:16 | Build | Farm |
| 19:31 | Queue | Archer |
| 19:31 | Queue | Archer |
| 19:45 | Queue | Villager (Male) |
| 19:45 | Queue | Villager (Male) |
| 19:46 | Queue | Scout Cavalry |
| 19:50 | Build | Farm |
| 19:55 | Build | Farm |
| 19:56 | Build | Farm |
| 20:09 | Queue | Villager (Male) |
| 20:14 | Build | Mining Camp |
| 20:18 | Queue | Scout Cavalry |
| 20:21 | Queue | Archer |
| 20:27 | Build | Farm |
| 20:36 | Queue | Villager (Male) |
| 20:43 | Queue | Archer |
| 21:01 | Queue | Scout Cavalry |
| 21:24 | Queue | Villager (Male) |
| 21:33 | Queue | Scout Cavalry |
| 21:45 | Research | Wheelbarrow |
| 21:47 | Build | Farm |
| 21:52 | Build | Farm |
| 22:19 | Build | Farm |
| 22:20 | Queue | Archer |
| 22:20 | Queue | Scout Cavalry |
| 22:21 | Queue | Scout Cavalry |
| 22:23 | Research | Scale Barding Armor |
| 22:30 | Build | Farm |
| 23:08 | Queue | Villager (Male) |
| 23:15 | Build | Farm |
| 23:22 | Queue | Archer |
| 23:34 | Queue | Archer |
| 23:35 | Queue | Scout Cavalry |
| 23:36 | Queue | Villager (Male) |
| 23:38 | Build | Farm |
| 23:45 | Queue | Villager (Male) |
| 23:47 | Build | Farm |
| 24:06 | Queue | Archer |
| 24:12 | Queue | Villager (Male) |
| 24:20 | Queue | Scout Cavalry |
| 24:25 | Research | Castle Age |
| 24:25 | Research | Castle Age |
Match timeline
| 3:16 | Oggdo Bogdo · wall_segment Palisade Wall x3 |
| 4:48 | baoquanghuy1605 · first_building Barracks |
| 7:31 | Oggdo Bogdo · first_building Barracks |
| 9:32 | Oggdo Bogdo · wall_segment Palisade Wall x5 |
| 9:35 | baoquanghuy1605 · age_up feudal |
| 9:49 | Oggdo Bogdo · age_up feudal |
| 9:57 | baoquanghuy1605 · wall_segment Palisade Wall x1 |
| 9:58 | baoquanghuy1605 · wall_segment Palisade Wall x1 |
| 9:58 | baoquanghuy1605 · wall_segment Palisade Wall x1 |
| 10:23 | Oggdo Bogdo · first_building Archery Range |
| 10:31 | baoquanghuy1605 · wall_segment Palisade Wall x1 |
| 10:32 | baoquanghuy1605 · wall_segment Palisade Wall x1 |
| 10:33 | baoquanghuy1605 · wall_segment Palisade Wall x1 |
| 11:01 | baoquanghuy1605 · wall_segment Palisade Wall x1 |
| 11:18 | baoquanghuy1605 · wall_segment Palisade Wall x1 |
| 11:23 | baoquanghuy1605 · wall_segment Palisade Wall x1 |
| 11:41 | baoquanghuy1605 · wall_segment Palisade Wall x5 |
| 11:42 | baoquanghuy1605 · wall_segment Palisade Wall x1 |
| 11:55 | baoquanghuy1605 · first_building Archery Range |
| 12:08 | Oggdo Bogdo · wall_segment Palisade Wall x1 |
| 12:12 | Oggdo Bogdo · wall_segment Palisade Wall x1 |
| 14:43 | baoquanghuy1605 · wall_segment Palisade Wall x1 |
| 14:45 | baoquanghuy1605 · wall_segment Palisade Wall x6 |
| 14:45 | baoquanghuy1605 · wall_segment Palisade Wall x1 |
| 15:21 | Oggdo Bogdo · wall_segment Palisade Wall x3 |
| 15:45 | baoquanghuy1605 · wall_segment Palisade Wall x1 |
| 15:47 | baoquanghuy1605 · wall_segment Palisade Wall x1 |
| 15:48 | baoquanghuy1605 · wall_segment Palisade Wall x1 |
| 15:50 | baoquanghuy1605 · wall_segment Palisade Wall x1 |
| 18:27 | baoquanghuy1605 · wall_segment Palisade Wall x1 |
| 18:28 | baoquanghuy1605 · wall_segment Palisade Wall x1 |
| 18:32 | baoquanghuy1605 · wall_segment Palisade Wall x1 |
| 18:33 | baoquanghuy1605 · wall_segment Palisade Wall x1 |
| 18:36 | baoquanghuy1605 · wall_segment Palisade Wall x1 |
| 18:40 | Oggdo Bogdo · first_building Stable |
| 20:15 | baoquanghuy1605 · wall_segment Stone Wall x3 |
| 20:15 | baoquanghuy1605 · wall_segment Stone Wall x1 |
| 20:16 | baoquanghuy1605 · wall_segment Stone Wall x1 |
| 20:17 | baoquanghuy1605 · wall_segment Stone Wall x1 |
| 20:17 | baoquanghuy1605 · wall_segment Stone Wall x3 |
| 20:18 | baoquanghuy1605 · wall_segment Stone Wall x1 |
| 20:19 | baoquanghuy1605 · wall_segment Stone Wall x1 |
| 20:21 | baoquanghuy1605 · wall_segment Stone Wall x2 |
| 20:23 | baoquanghuy1605 · wall_segment Stone Wall x4 |
| 20:24 | baoquanghuy1605 · wall_segment Stone Wall x1 |
| 20:25 | baoquanghuy1605 · wall_segment Stone Wall x2 |
| 20:26 | baoquanghuy1605 · wall_segment Stone Wall x1 |
| 25:16 | baoquanghuy1605 · wall_segment Palisade Wall x1 |
| 25:16 | baoquanghuy1605 · wall_segment Palisade Wall x1 |
| 25:17 | baoquanghuy1605 · wall_segment Palisade Wall x1 |
| 25:18 | baoquanghuy1605 · wall_segment Palisade Wall x1 |
| 25:19 | baoquanghuy1605 · wall_segment Palisade Wall x1 |
| 25:57 | baoquanghuy1605 · wall_segment Palisade Wall x1 |
| 25:57 | baoquanghuy1605 · wall_segment Palisade Wall x1 |
| 25:58 | baoquanghuy1605 · wall_segment Palisade Wall x1 |
| 26:05 | baoquanghuy1605 · wall_segment Palisade Wall x1 |
| 26:06 | baoquanghuy1605 · wall_segment Palisade Wall x1 |
| 27:06 | Oggdo Bogdo · age_up castle |
| 27:22 | baoquanghuy1605 · first_market_sell 100 stone |
| 27:23 | baoquanghuy1605 · first_market_buy 100 food |
| 30:08 | baoquanghuy1605 · age_up castle |
| 30:49 | Oggdo Bogdo · first_building Siege Workshop |
| 30:50 | baoquanghuy1605 · first_building Monastery |
| 34:13 | Oggdo Bogdo · first_building Castle |
| 37:44 | baoquanghuy1605 · first_building Castle |
| 39:28 | Oggdo Bogdo · first_market_buy 100 food |
| 39:36 | Oggdo Bogdo · first_building Monastery |
| 41:18 | baoquanghuy1605 · first_building Siege Workshop |
| 42:39 | Oggdo Bogdo · age_up imperial |
| 45:04 | baoquanghuy1605 · first_building Stable |
| 46:11 | baoquanghuy1605 · age_up imperial |
| 48:57 | baoquanghuy1605 · resign |
[ AI ANALYSIS · 1 CREDIT ]
What really happened in this match?
Wolo.gg analyzes every decision: build order, eco, micro, common mistakes by bracket. Personalized analysis on WhatsApp or Discord in 30 seconds.
Civ guide
Chinese
Perfil
Jugador #24357949